 Dungeon Crawl Stone Soup version 0.23-a0-550-g7de1f8e (webtiles) character file.

18 Lavandula the Sneak (level 2, 1/17 HPs)
             Began as a Halfling Enchanter on Dec 9, 2018.
             Quit the game on level 2 of the Dungeon.
             The game lasted 00:01:17 (579 turns).

Lavandula the Sneak (Halfling Enchanter)             Turns: 579, Time: 00:01:18

Health: 1/17       AC:  2    Str:  9    XL:     2   Next: 85%
Magic:  1/4        EV: 15    Int: 13    God:
Gold:   26         SH:  0    Dex: 14    Spells: 1/4 levels left

rFire    . . .     SeeInvis .   a - +1 dagger
rCold    . . .     Gourm    .   (shield restricted)
rNeg     . . .     Faith    .   b - +0 robe
rPois    .         Spirit   .   (no helmet)
rElec    .         Reflect  .   (no cloak)
rCorr    .         Harm     .   (no gloves)
MR       .....                  (no boots)
Stlth    ++........             (no amulet)
HPRegen  0.05/turn              (no ring)
MPRegen  0.09/turn              (no ring)

@: lethally poisoned (1 -> -4), very slightly contaminated, invisible
A: small, mutation resistance 1
a: no special abilities


You were on level 2 of the Dungeon.
You were not hungry.

You visited 1 branch of the dungeon, and saw 2 of its levels.

You collected 26 gold pieces.

Inventory:

Hand Weapons
 a - a +1 dagger (weapon)
Armour
 b - a +0 robe (worn)
Scrolls
 c - a scroll of magic mapping {unknown}
 e - 2 scrolls of fog {unknown}
 g - a scroll of noise {unknown}
Potions
 f - a potion of invisibility
Comestibles
 d - a ration


   Skills:
 + Level 3.1 Short Blades
 - Level 2.1 Dodging
 - Level 3.2 Stealth
 - Level 1.5 Spellcasting
 - Level 2.4 Hexes


You had one spell level left.
You knew the following spells:

 Your Spells              Type           Power        Failure   Level  Hunger
a - Corona                Hex            #......      10%         1    ##.....
b - Ensorcelled Hibernat  Hex/Ice        #.....       24%         2    ###....

Your spell library contained the following spells:

 Spells                   Type           Power        Failure   Level  Hunger
 Confuse                  Hex            #.......     30%         3    ####...
 Tukima's Dance           Hex            #.......     30%         3    ####...
 Dazzling Spray           Conj/Hex       #.....       43%         3    ####...


Dungeon Overview and Level Annotations

Branches:
Dungeon (2/15)

Altars:


Innate Abilities, Weirdness & Mutations

You are small and have problems with some larger weapons.
You are somewhat resistant to further mutation.


Message History

The adder is severely wounded.
The adder bites you.
* * * LOW HITPOINT WARNING * * *
You closely miss the adder.
The adder is severely wounded.
The adder bites you.
* * * LOW HITPOINT WARNING * * *
It was a potion of invisibility.
You fade into invisibility!
The adder misses you.
You are very lightly contaminated with residual magic.
You catch the helpless adder completely off-guard!
You puncture the adder!
You kill the adder!
Your Short Blades skill increases to level 3!
* * * LOW HITPOINT WARNING * * *
You feel sick.
Unknown command.
A worm comes into view.
Are you sure you want to abandon this character and quit the game? (Confirm

############ .
.<)......... ..
####.###### .# ##...## #
..# ##.....##
#.#######...# #.......#
#.#.........## #......##
#.....@.%...w.
#.#...#####.#.#####.###.
............#.#
#.##.######.#.#
..............#
#.......##...##
#.......##...#
#.......##...####
#.................


You could see a worm (wandering).

Vanquished Creatures
  An adder (D:2)
  A dart slug (D:1)
  A hobgoblin (D:2)
  3 bats (D:1)
  A goblin (D:2)
  2 rats
9 creatures vanquished.

Vanquished Creatures (others)
  6 toadstools (D:2)
6 creatures vanquished.

Grand Total: 15 creatures vanquished

Notes
Turn   | Place    | Note
-------+----------+-------------------------------------------
     0 | D:1      | Lavandula the Halfling Enchanter began the quest for the
                  | Orb.
     0 | D:1      | Reached XP level 1. HP: 11/11 MP: 3/3
   282 | D:1      | Reached XP level 2. HP: 16/17 MP: 4/4
   366 | D:2      | Learned a level 2 spell: Ensorcelled Hibernation
   579 | D:2      | Quit the game

Vault maps used:
D:1:      eino_arrival_tree_alley, hangedman_abyss_or_decor_stabs
D:2:      cheibrodos_fertilizer, old_standard_altar, grunt_temple_overflow_open,
          marbit_many_paths

Skill      XL: |  1  2 |
---------------+-------+-----
Short Blades   | 2 3 |  3.1
Dodging        | |  2.1
Stealth        | |  3.2
Spellcasting   | |  1.5
Hexes          | |  2.4

Action                   || total
-------------------------++-------
Melee: Dagger            ||    51
 Cast: Ensorcelled Hiber ||     2
       Corona            ||     1
  Use: Potion            ||     1
 Stab: Sleeping          ||     1
       Invisible         ||     1
Armor: Robe              ||    10
Dodge: Dodged            ||    41

Table legend:
 A = Non-vault XP
 B = Vault XP
 C = Vault XP percentage of total XP
 D = Non-vault monster count
 E = Vault monster count
 F = Vault count percentage of total count
                 A         B        C        D         E       F
            +---------+---------+-------+---------+---------+-------
      Total |      26 |       0 |   0.0 |       9 |       0 |   0.0
            +---------+---------+-------+---------+---------+-------
        D:1 |       9 |       0 |   0.0 |       5 |       0 |   0.0
        D:2 |      17 |       0 |   0.0 |       4 |       0 |   0.0
            +---------+---------+-------+---------+---------+-------
